 Dungeon Crawl Stone Soup version 0.28-a0-239-g68911e0c57 (webtiles) character file.

Game seed: 13583272697324639092

1606 rabbitsville the Cleaver (level 8, -4/74 HPs)
             Began as a Hill Orc Monk on Aug 23, 2021.
             Slain by a kobold brigand (20 damage)
             ... on level 5 of the Dungeon on Aug 24, 2021.
             The game lasted 00:35:27 (9054 turns).

rabbitsville the Cleaver (Hill Orc Monk)            Turns: 9054, Time: 00:35:28

Health: -4/74      AC:  5    Str: 16    XL:     8   Next: 94%
Magic:  8/8        EV: 11    Int: 10    God:
Gold:   250        SH:  5    Dex: 13    Spells: 7/7 levels left

rFire   . . .      SeeInvis .   v - +2 hand axe (flame)
rCold   . . .      Faith    .   C - +0 buckler
rNeg    . . .      Spirit   .   f - +0 ring mail
rPois   .          Reflect  .   (no helmet)
rElec   .          Harm     .   (no cloak)
rCorr   .          Rampage  .   (no gloves)
Will    .....                   (no boots)
Stlth   +.........              (no amulet)
HPRegen 0.22/turn               (no ring)
MPRegen 0.11/turn               (no ring)

@: attractive
A: no striking features
a: no special abilities


You were on level 5 of the Dungeon.
You visited 2 branches of the dungeon, and saw 7 of its levels.
You also visited: Sewer.

You collected 320 gold pieces.
You spent 70 gold pieces at shops.

Inventory:

Hand Weapons
 a - a +1 hand axe
 v - a +2 hand axe of flaming (weapon)
Missiles
 d - 5 curare-tipped darts
 e - 38 poisoned darts (quivered)
 D - 2 throwing nets
Armour
 b - a +0 robe
 f - a +0 ring mail (worn)
 C - a +0 buckler (worn)
Jewellery
 g - an amulet of magic regeneration
 n - an amulet of guardian spirit
Wands
 B - a wand of mindburst (17)
Scrolls
 c - 6 scrolls of noise
 h - a scroll of blinking {unknown}
 i - 2 scrolls of vulnerability {unknown}
 k - 2 scrolls of acquirement {unknown}
 m - a scroll of enchant weapon
 p - 3 scrolls of enchant armour {unknown}
 s - 3 scrolls of fear
 t - a scroll of teleportation
 u - a scroll of magic mapping {unknown}
 w - 2 scrolls of amnesia
 y - a scroll of immolation {unknown}
 E - a scroll of fog {unknown}
Potions
 l - a potion of cancellation {unknown}
 o - a potion of ambrosia {unknown}
 q - a potion of experience
 r - a potion of resistance
 z - a potion of attraction
 A - a potion of mutation {unknown}
 F - 2 potions of degeneration


   Skills:
 + Level 7.9 Fighting
 * Level 11.4 Axes
 - Level 2.4 Dodging
 - Level 1.5 Stealth
 - Level 4.0 Shields


You had 7 spell levels left.
You didn't know any spells.
Your spell library was empty.

Dungeon Overview and Level Annotations

Branches:
Dungeon (6/15)             Temple (1/1) D:6           Sewer (visited)

Altars:
Ashenzari
Cheibriados
Dithmenos
Elyvilon
Fedhas
Hepliaklqana
Kikubaaqudgha
Makhleb
Nemelex Xobeh
Okawaru
Ru
Trog
Uskayaw
Vehumet
Wu Jian
Xom
Yredelemnul
Zin
The Shining One
Lugonu

Shops:
D:4 ?

Portals:
Abyss: D:5

Annotations:
D:3 exclusion: oklob plant
D:4 1 runed translucent door, Crazy Yiuf


Message History

a +1 short sword of distortion; a +0 rapier of distortion; a kobold corpse You see here a +0 short sword of distortion.
You hit the kobold brigand but do no damage.
The kobold brigand hits you with a +2 short sword of distortion.
Space warps horribly around you!!
You miss the kobold brigand. The kobold brigand closely misses you.
You slash the kobold brigand! You burn the kobold brigand.
The kobold brigand is moderately wounded.
The kobold brigand hits you with a +2 short sword of distortion.
Space warps horribly around you!
* * * LOW HITPOINT WARNING * * *
You hit the kobold brigand. You burn the kobold brigand.
The kobold brigand is heavily wounded.
You hit the kobold brigand but do no damage.
The kobold brigand is heavily wounded.
The kobold brigand hits you with a +2 short sword of distortion!
* * * LOW HITPOINT WARNING * * *
Space bends around you.
* * * LOW HITPOINT WARNING * * *
It was a potion of attraction.
You feel attractive to monsters. The kobold brigand misses you.
There is a large open translucent door here.
You see here a +2 dagger of distortion.
It was a potion of curing.
You feel better.
The kobold brigand hits you with a +2 short sword of distortion.
* * * LOW HITPOINT WARNING * * *
You blink.
The kobold brigand is attracted toward you.
You feel better. The kobold brigand barely misses you.
You hit the kobold brigand. You burn the kobold brigand.
The kobold brigand is heavily wounded.
The kobold brigand hits you with a +2 short sword of distortion!
* * * LOW HITPOINT WARNING * * *
You closely miss the kobold brigand.
The kobold brigand is heavily wounded.
The kobold brigand hits you with a +2 short sword of distortion.
* * * LOW HITPOINT WARNING * * *
Space warps horribly around you!!
You die...

#..........# #....##.....##
#..........####.......#####
#............##....####
#...................##
#..........#.........#
#..........##........##
###########...######.†#####.
##.### .#.#.†...... #.@.#
#..###.#..###
#############.#K##....#####..##
#.......##......))..§§# #.##...
#.......##.###..')..§§# §§?#...
#..........# #####..§.§§ §§#..#
#.......#### $..§# §§)#.##
#.......# ##.§# #.##.#
#.......# ### ## #.## #.......#
### #...


You could see a kobold brigand.

Vanquished Creatures
  A wyvern (D:5)
  4 ogres
  7 scorpions
  A wyvern skeleton (D:5)
  A howler monkey (D:6)
  A jelly (D:6)
  2 bullfrog skeletons (D:5)
  2 iguanas (D:6)
  Ijyb (D:5)
  5 orc wizards
  A hound zombie (D:5)
  2 hound skeletons
  3 gnolls (D:4)
  10 adders
  4 river rats (Sewer)
  A shadow imp (D:5)
  A white imp (D:5)
  4 worms
  5 dart slugs
  8 orcs
  9 ball pythons
  2 bats (D:1)
  7 endoplasms
  4 giant cockroaches
  7 goblins
  8 hobgoblins
  4 jackals (D:3)
  8 kobolds
  5 quokkas
  11 frilled lizards
  10 rats
  2 toadstools (D:3)
141 creatures vanquished.

Vanquished Creatures (others)
  4 plants (D:3)
  12 toadstools (D:3)
16 creatures vanquished.

Grand Total: 157 creatures vanquished

Notes
Turn   | Place    | Note
-------+----------+-------------------------------------------
     0 | D:1      | rabbitsville the Hill Orc Monk began the quest for the Orb.
     0 | D:1      | Reached XP level 1. HP: 19/19 MP: 1/1
   242 | D:1      | Reached XP level 2. HP: 15/27 MP: 2/2
   945 | D:2      | Reached skill level 5 in Axes
   981 | D:2      | Reached XP level 3. HP: 15/33 MP: 3/3
  1738 | D:2      | Reached XP level 4. HP: 19/41 MP: 4/4
  2184 | D:3      | Found a blossoming altar of Fedhas.
  2210 | D:3      | Found a faded altar of an unknown god.
  2284 | D:3      | Reached skill level 6 in Axes
  2443 | D:3      | Found a glowing drain.
  2464 | Sewer    | Entered a sewer
  2849 | Sewer    | Reached XP level 5. HP: 45/47 MP: 5/5
  3282 | Sewer    | Reached skill level 5 in Fighting
  3662 | D:3      | Reached skill level 7 in Axes
  3724 | D:3      | Found a shimmering altar of Xom.
  4242 | D:3      | Noticed an oklob plant
  4899 | D:4      | Noticed an ogre
  5081 | D:4      | Found Orgho's Magic Scroll Boutique.
  5089 | D:4      | Bought a scroll of teleportation for 42 gold pieces
  5146 | D:4      | Reached XP level 6. HP: 45/56 MP: 6/6
  5256 | D:4      | Found a runed translucent door.
  5257 | D:4      | Noticed Crazy Yiuf
  5503 | D:4      | Reached skill level 8 in Axes
  5583 | D:4      | Reached XP level 7. HP: 54/63 MP: 7/7
  5668 | D:4      | Bought a scroll of identify for 28 gold pieces
  6156 | D:5      | Entered Level 5 of the Dungeon
  6156 | D:5      | Noticed Ijyb
  6166 | D:5      | Killed Ijyb
  6462 | D:5      | Reached skill level 9 in Axes
  6534 | D:5      | Found a hazy altar of Hepliaklqana.
  6584 | D:5      | Reached skill level 1 in Shields
  6589 | D:5      | Found a hide-covered altar of Uskayaw.
  6805 | D:5      | Noticed a wyvern
  6809 | D:5      | Found a one-way gate to the infinite horrors of the Abyss.
  6830 | D:5      | Found a large runed translucent door.
  6840 | D:5      | Found a large runed translucent door.
  6844 | D:5      | Found a corrupted altar of Lugonu.
  6902 | D:5      | Reached XP level 8. HP: 51/71 MP: 8/8
  7012 | D:5      | Reached skill level 10 in Axes
  7317 | D:6      | Found a large runed translucent door.
  7318 | D:6      | Found a large runed translucent door.
  7328 | D:6      | Found a sacrificial altar of Ru.
  7354 | D:6      | Found a burning altar of Makhleb.
  7848 | D:6      | Found a staircase to the Ecumenical Temple.
  7876 | Temple   | Entered the Ecumenical Temple
  8112 | D:6      | Reached skill level 11 in Axes
  8849 | D:5      | Killed a wyvern
  9054 | D:5      | Slain by a kobold brigand

Illustrated notes

Levels and vault maps discovered:
D:1:      dpeg_arrival_round_a, layout_rooms
D:2:      layout_rooms, minmay_vboxes
D:3:      layout_basic, mainiacjoe_overflow_surrounded_room, tgw_fedhas,
          portal_sewer_entry_f, shapermc_ecumenical_altar_pompeii
D:4:      layout_basic, serial_shops, shop_scrolls, minmay_misc_feat_tower,
          uniq_crazy_yiuf_cottage
D:5:      due_chaos_kobolds, layout_rooms, mainiacjoe_overflow_two_lobes,
          kennysheep_small_square, uniq_ijyb
D:6:      layout_loops_ring, jmf_multi_god_temple2,
          minmay_temple_entry_stoned_glass, roderic_st_hans_cross
Temple:   nicolae_temple_god_jail

Skill      XL: |  1  2  3  4  5  6  7  8 |
---------------+-------------------------+-----
Fighting       | 4 5 6 7 |  7.9
Axes           | 5 6 7 8 9 11 | 11.4
Shields        | 2 4 |  4.0
Dodging        | |  2.4
Stealth        | |  1.5

Action                   |  1- 3 |  4- 6 |  7- 9 || total
-------------------------+-------+-------+-------++-------
Melee: Hand axe          |   126 |   261 |   174 ||   561
Throw: Dart              |       |     5 |    13 ||    18
  Use: Potion            |     1 |       |     5 ||     6
       Scroll            |       |     4 |     7 ||    11
 Stab: Sleeping          |     3 |     2 |       ||     5
Armor: Robe              |     8 |       |       ||     8
       Ring mail         |    27 |    63 |    37 ||   127
       Skin              |     2 |       |       ||     2
Dodge: Dodged            |    68 |   136 |    59 ||   263
Block: Buckler           |       |       |    13 ||    13

Table legend: (Time is in decaauts)
 A = Elapsed time spent in this place.
 B = Non-inter-level travel time spent in this place.
 C = Inter-level travel time spent in this place.
 D = Time resting spent in this place.
 E = Time spent auto-exploring this place.
 F = Levels seen in this place.
 G = Mean time per level.
                   A        B        C        D        E       F      G
               +--------+--------+--------+--------+--------+-----+--------+
         Total |   9084 |   8643 |    441 |   2727 |   2930 |   8 | 1135.5 |
       Dungeon |   7797 |   7368 |    429 |   2235 |   2624 |   6 | 1299.5 |
        Temple |    143 |    131 |     12 |      0 |     24 |   1 |  143.0 |
         Sewer |   1143 |   1143 |      0 |    492 |    282 |   1 | 1143.0 |
               +--------+--------+--------+--------+--------+-----+--------+

Top non-repeatable levels by time:
     D:3: 1614 daAuts
     D:4: 1598 daAuts
     D:5: 1279 daAuts
     D:2: 1195 daAuts
     D:6: 1166 daAuts
   Sewer: 1143 daAuts
     D:1: 942 daAuts
  Temple: 143 daAuts
